 Dungeon Crawl Stone Soup version 0.31-a0-1074-g0b22e4e0f1 (webtiles) character file.

Game seed: 558635503911127163

152 grandjackal the Twirler (level 5, -1/40 HPs)
             Began as a Djinni Gladiator on Nov 28, 2023.
             Slain by Eustachio
             ... wielding a +0 rapier
              (8 damage)
             ... on level 4 of the Dungeon.
             The game lasted 00:03:32 (3011 turns).

grandjackal the Twirler (Djinni Gladiator)          Turns: 3011, Time: 00:03:33

Health: -1/40      AC:  4    Str: 13      XL:     5   Next: 60%
Gold:   15         EV: 12    Int: 11      God:
                   SH:  0    Dex: 14 (15)

rFire   + + .        a - +0 quarterstaff
rCold   x . .        (shield currently unavailable)
rNeg    . . .        b - +0 leather armour
rPois   ∞            c - +0 helmet
rElec   .            (no cloak)
rCorr   .            (no gloves)
SInv    .            (boots unavailable)
Will    .....        (no amulet)
Stlth   +            (no ring)
HPRegen 0.26/turn    (no ring)
MPRegen 0.00/turn

%: infuse magic (-2 HP)
@: flying
A: sickness immunity, fire resistance 2, cold vulnerability 1, float, innate
caster, HP casting, extra vitality 1
a: no special abilities


You were on level 4 of the Dungeon.
You visited 1 branch of the dungeon, and saw 4 of its levels.

You collected 219 gold pieces.
You spent 204 gold pieces at shops.

Inventory:

Hand Weapons
 a - a +0 quarterstaff (weapon)
Missiles
 d - 3 throwing nets (quivered)
 e - a javelin
 f - 4 darts of dispersal
Armour
 b - a +0 leather armour (worn)
 c - a +0 helmet (worn)
Magical Staves
 j - a staff of air
Jewellery
 m - an amulet of faith
Scrolls
 h - 3 scrolls of teleportation {unknown}
 i - 3 scrolls of enchant armour {unknown}
 k - 12 scrolls of identify {unknown}
 n - a scroll of enchant weapon {unknown}
 o - 2 scrolls of vulnerability {unknown}
 q - a scroll of revelation {unknown}
 s - a scroll of amnesia {unknown}
 v - a scroll of blinking {unknown}
Potions
 g - 3 potions of curing {unknown}
 l - a potion of brilliance {unknown}
 p - a potion of attraction {unknown}
 r - a potion of mutation {unknown}
 t - a potion of cancellation {unknown}


   Skills:
 + Level 3.4 Fighting
 + Level 3.7 Staves
 - Level 1.5 Throwing
 - Level 3.2 Dodging
 + Level 1.2 Spellcasting
 + Level 1.2 Conjurations
 + Level 1.2 Hexes
   Level 0.0 Charms
 + Level 1.2 Summonings
 + Level 1.2 Necromancy
 + Level 1.2 Translocations
 + Level 1.2 Transmutations
 + Level 1.2 Fire Magic
 + Level 1.2 Ice Magic
 + Level 1.2 Air Magic
 + Level 1.2 Earth Magic
 + Level 1.2 Poison Magic
 + Level 1.8 Evocations


You knew the following spells:

 Your Spells              Type           Power      Damage    Failure   Level
a - Kiss of Death         Conj/Necr      12%        2d6       24%         1
b - Ensorcelled Hibernat  Hex/Ice        6%         N/A       36%         2
Your spell library was empty.

Dungeon Overview and Level Annotations

Branches:
Dungeon (4/15)
 Temple: D:4-7

Altars:
Cheibriados

Shops:
D:4 ***

Annotations:
D:4 Eustachio


Innate Abilities, Weirdness & Mutations

You are immune to sickness and miasma.
You are immune to poison.
Your flesh is very heat resistant. (rF++)
You are vulnerable to cold. (rC-)
You float through the air rather than walking.
You learn spells naturally, not from books.
Your magical power is your life essence.
You have superior vitality. (+4 MHP)


Message History

Eustachio completely misses you.
You closely miss Eustachio.
Eustachio is heavily wounded.
The ufetubus closely misses you.
The ufetubus hits you but does no damage.
Eustachio gestures wildly while chanting.
Eustachio blinks!
The ufetubus hits you but does no damage. x2
The ufetubus attacks as it pursues you!
The ufetubus hits you but does no damage.
The ufetubus hits you.
The quasit bites you but does no damage.
The quasit barely misses you. The quasit closely misses you.
The quasit attacks as it pursues you! The quasit barely misses you.
The quasit completely misses you. The quasit barely misses you.
There is an open door here.
The quasit closely misses you. The quasit barely misses you.
The quasit closely misses you.
You miss the quasit. The quasit bites you. The quasit claws you.
The quasit claws you but does no damage.
The quasit bites you. The quasit closely misses you. x2
You hit the quasit.
The quasit is heavily wounded.
The quasit closely misses you. The quasit completely misses you.
The quasit claws you.
You feel clumsy.
You hit the quasit.
The quasit is heavily wounded.
The quasit disappears in a puff of smoke!
Eustachio casts a spell.
Eustachio barely misses you.
You hit Eustachio.
Eustachio is heavily wounded.
Eustachio hits you with a +0 rapier!
* * * LOW HITPOINT WARNING * * *
You hit Eustachio.
Eustachio is severely wounded.
Eustachio hits you with a +0 rapier!
You die...
Eustachio twirls his moustache.

#.##..... #....
#.......#.#....
#.#####.#......
.#...@.@5S...... ..
...##..#.###.#.# ..#
.....#@###.#.##..#
...#...#.....#.....#
####..#####r.......#
........@@Sb.......#
####..#####........#
#.. #........## #
#.###...)......
#......########
#####......#
###.##.# #########
#..#.# ........#
##.#.########


You could see Eustachio, a river rat (summoned), a bat (summoned) and a ball
python.

Vanquished Creatures
  A jelly (D:4)
  Jessica (D:2)
  An orc wizard (D:4)
  A dart slug (D:4)
  8 orcs
  2 ball pythons (D:3)
  9 bats
  6 endoplasms
  5 giant cockroaches
  6 goblins
  5 hobgoblins
  4 quokkas
  A frilled lizard (D:1)
  2 kobolds (D:1)
  4 rats
56 creatures vanquished.

Notes
Turn   | Place    | Note
-------+----------+-------------------------------------------
     0 | D:1      | grandjackal the Djinni Gladiator began the quest for the
                  | Orb.
     0 | D:1      | Reached XP level 1. HP: 18/18 MP: 0/0
   100 | D:1      | Reached XP level 2. HP: 23/23 MP: 0/0
  1171 | D:2      | Noticed Jessica
  1206 | D:2      | Killed Jessica
  1207 | D:2      | Reached XP level 3. HP: 18/29 MP: 0/0
  1207 | D:2      | Learned a level 1 spell: Kiss of Death
  1379 | D:2      | Reached XP level 4. HP: 30/34 MP: 0/0
  1897 | D:3      | Found a faded altar of an unknown god.
  2174 | D:3      | Reached skill level 1 in Evocations
  2588 | D:4      | Found Batoog's Assorted Antiques.
  2589 | D:4      | Found Ototunof's Assorted Antiques.
  2590 | D:4      | Found Tohoestra's Assorted Antiques.
  2596 | D:4      | Reached skill level 1 in Spellcasting
  2596 | D:4      | Reached skill level 1 in Conjurations
  2596 | D:4      | Reached skill level 1 in Hexes
  2596 | D:4      | Reached skill level 1 in Summonings
  2596 | D:4      | Reached skill level 1 in Necromancy
  2596 | D:4      | Reached skill level 1 in Translocations
  2596 | D:4      | Reached skill level 1 in Transmutations
  2596 | D:4      | Reached skill level 1 in Fire Magic
  2596 | D:4      | Reached skill level 1 in Ice Magic
  2596 | D:4      | Reached skill level 1 in Air Magic
  2596 | D:4      | Reached skill level 1 in Earth Magic
  2596 | D:4      | Reached skill level 1 in Poison Magic
  2596 | D:4      | Reached XP level 5. HP: 26/40 MP: 0/0
  2596 | D:4      | Learned a level 2 spell: Ensorcelled Hibernation
  2653 | D:4      | Bought a scroll labelled USOILUGEBI for 17 gold pieces
  2653 | D:4      | Bought a scroll labelled REMIECR KORROM for 17 gold pieces
  2653 | D:4      | Bought a dark potion for 15 gold pieces
  2653 | D:4      | Bought a scroll labelled KOSHUO TUURUTET for 17 gold pieces
  2653 | D:4      | Bought a long lead wand for 68 gold pieces
  2653 | D:4      | Bought a scroll labelled COABRE HAGAEXO for 17 gold pieces
  2701 | D:4      | Bought a golden potion for 17 gold pieces
  2701 | D:4      | Bought a scroll labelled KOSHUO TUURUTET for 19 gold pieces
  2701 | D:4      | Bought a golden potion for 17 gold pieces
  2856 | D:4      | Found a snail-covered altar of Cheibriados.
  2975 | D:4      | Noticed Eustachio
  3011 | D:4      | Slain by Eustachio

Illustrated notes

Levels and vault maps discovered:
D:1:      psy_arrival_dodecagon, layout_basic
D:2:      layout_basic, uniq_jessica
D:3:      layout_loops_cross, ebering_ecumenical_altar_abandoned,
          minmay_misc_feat_more_columns, roderic_batcave,
          kennysheep_generic_room_15
D:4:      layout_basic, mainiacjoe_overflow_cross_hatched,
          nicolae_shop_distant_corner_stores, uniq_eustachio

Skill      XL: |  1  2  3  4 |
---------------+-------------+-----
Staves         | 3 |  3.7
Fighting       | 3 |  3.4
Evocations     | 1 |  1.8
Spellcasting   | 1 |  1.2
Conjurations   | 1 |  1.2
Hexes          | 1 |  1.2
Summonings     | 1 |  1.2
Necromancy     | 1 |  1.2
Translocations | 1 |  1.2
Transmutations | 1 |  1.2
Fire Magic     | 1 |  1.2
Ice Magic      | 1 |  1.2
Air Magic      | 1 |  1.2
Earth Magic    | 1 |  1.2
Poison Magic   | 1 |  1.2
Throwing       | |  1.5
Dodging        | |  3.2

Action                     |  1- 3 |  4- 6 || total
---------------------------+-------+-------++-------
  Melee: Quarterstaff      |    62 |   141 ||   203
  Evoke: Wand              |       |     1 ||     1
   Stab: Sleeping          |     2 |     2 ||     4
         Paralysed         |       |     4 ||     4
 Armour: Leather armour    |    42 |   104 ||   146
  Dodge: Dodged            |    37 |   149 ||   186

Table legend: (Time is in decaauts)
 A = Elapsed time spent in this place.
 B = Non-inter-level travel time spent in this place.
 C = Inter-level travel time spent in this place.
 D = Time resting spent in this place.
 E = Time spent auto-exploring this place.
 F = Levels seen in this place.
 G = Mean time per level.
                   A        B        C        D        E       F      G
               +--------+--------+--------+--------+--------+-----+--------+
         Total |   3039 |   2868 |    171 |    343 |   1991 |   4 |  759.8 |
       Dungeon |   3039 |   2868 |    171 |    343 |   1991 |   4 |  759.8 |
               +--------+--------+--------+--------+--------+-----+--------+

Top non-repeatable levels by time:
     D:2: 934 daAuts
     D:1: 880 daAuts
     D:3: 860 daAuts
     D:4: 365 daAuts
